Cogmind - Beta 12 *** ADVENTURER MODE // 2023.03.25 @ 16:06:41 Player: Tengoo Result: Self-destructed Performance ------------- Evolutions (1) 500 Regions Visited (2) 400 Robots Destroyed (33) 165 Value Destroyed (542) 542 Prototype IDs (6) 120 Alien Tech Used (0) 0 Bonus (0) 0 TOTAL SCORE: 1727 Bonus ------- None Cogmind --------- Core Integrity 236/400 Matter 300/300 Energy 100/100 System Corruption 0% Temperature Cool (0) Movement Walking (190) Ox1 Location -9/Materials Parts ------- > --- POWER (1) -------- Faulty Heavy Ion Engine > --- PROPULSION (3) --- Aluminum Leg Aluminum Leg > --- UTILITY (3) ------ Large Storage Unit Signal Interpreter Light Armor Plating > --- WEAPON (2) ------- EM Pulse Gun Flail > --- INVENTORY (15) --- Ion Engine Heat Sink Small Storage Unit Visual Processing Unit Sensor Array Signal Interpreter Targeting Computer Advanced Beam Cannon Light Assault Rifle Faulty Improved Assault Rifle Improved Assault Rifle Grenade Launcher Datajack Plasma Cutter Flail Peak State ------------ > --- POWER ------------ Heavy Ion Engine > --- PROPULSION ------- Aluminum Leg Aluminum Leg > --- UTILITY ---------- Large Storage Unit Signal Interpreter Light Armor Plating > --- WEAPON ----------- EM Pulse Gun Flail > --- INVENTORY -------- Ion Engine Heat Sink Small Storage Unit Visual Processing Unit Sensor Array Signal Interpreter Targeting Computer Advanced Beam Cannon Light Assault Rifle Improved Assault Rifle Grenade Launcher Datajack Plasma Cutter Flail [Rating: 13] Favorites ----------- Power Ion Engine Engine Ion Engine Propulsion Light Treads Treads Light Treads Leg Aluminum Leg Utility Signal Interpreter Storage Large Storage Unit Processor Signal Interpreter Protection Light Armor Plating Weapon Light Assault Rifle Energy Gun EM Pulse Gun Ballistic Gun Light Assault Rifle Special Weapon Plasma Cutter Impact Weapon Flail Special Melee Weapon Datajack Build | -11 -10 -9 ------- Run | Jun Mat Mat Slots Evolved 2 | . . 2 Power . | . . . Propulsion 1 | . . 1 Utility 1 | . . 1 Weapon . | . . . Parts Attached 28 | 6 10 12 Power 4 | 1 1 2 Engine 4 | 1 1 2 Core . | . . . Reactor . | . . . Propulsion 4 | 2 . 2 Treads 2 | 2 . . Leg 2 | . . 2 Wheel . | . . . Hover . | . . . Flight . | . . . Utility 5 | 1 2 2 Device . | . . . Storage 2 | 1 1 . Processor 1 | . 1 . Hackware . | . . . Protection 2 | . . 2 Artifact . | . . . Weapon 15 | 2 7 6 Energy Gun 3 | . . 3 Energy Cannon . | . . . Ballistic Gun 7 | 2 4 1 Ballistic Cannon . | . . . Launcher . | . . . Special Weapon 1 | . 1 . Impact Weapon 2 | . . 2 Slashing Weapon . | . . . Piercing Weapon . | . . . Special Melee Weapon 2 | . 2 . Unidentified Prototypes 1 | . . 1 Parts Lost 6 | . . 6 Power 1 | . . 1 Propulsion 2 | . . 2 Utility 1 | . . 1 Weapon 2 | . . 2 Highest Loss Streak 3 | . . 3 To Critical Strikes . | . . . Average Slot Usage (%) 85 | . 99 69 Engine 12 | . 14 9 Treads 16 | . 28 3 Leg 2 | . . 5 Storage 12 | . 14 11 Processor 12 | . 13 11 Protection 3 | . . 8 Energy Gun 1 | . . 3 Ballistic Gun 11 | . 18 3 Impact Weapon 6 | . . 12 Special Melee Weapon 4 | . 8 . Naked Turns . | . . . Heaviest Build 36 | 12 27 36 Greatest Support 40 | 40 40 40 Greatest Overweight (x) 11 | 1 . 11 Average Overweight (x) 1 | . . 3 Largest Inventory Capacity 15 | 8 15 15 Average Capacity 12 | 7 10 15 Most Carried 15 | 5 15 15 Average Carried 9 | . 7 12 Final Capacity 15 | 8 15 15 Final Carried 15 | 1 15 15 Class Distribution -------------------- 100% | Mutant Dominant Class ---------------- Mutant | -10/Materials Mutant | -9/Materials Resources | -11 -10 -9 ----------- Run | Jun Mat Mat Matter Collected 579 | 284 180 115 Remotely . | . . . Salvage Created 971 | 118 354 499 Parts 80 | 10 47 23 Haulers Intercepted 2 | . . 2 Recyclers Shooed 2 | . 2 . Parts Field Recycled . | . . . Retrieved Matter . | . . . Parts Self-Destructed . | . . . Prevented . | . . . Kills | -11 -10 -9 ------- Run | Jun Mat Mat Combat Hostiles Destroyed 18 | . 11 7 Guns 14 | . 10 4 Cannons 1 | . 1 . Classes Destroyed 9 | 2 5 2 Worker 3 | . 3 . Builder 2 | . 1 1 Tunneler 3 | 3 . . Hauler 2 | . . 2 Recycler 2 | 1 . 1 Watcher 3 | . 3 . Swarmer 8 | . 8 . Grunt 9 | . 3 6 Sentry 1 | . . 1 Best Kill Streak 4 | 3 4 3 Combat Bots Only 3 | . 3 3 Max Kills in Single Turn 2 | 1 2 1 Gunslinging . | . . . Exploded . | . . . Melee . | . . . Uniques/NPCs Destroyed . | . . . Combat | -11 -10 -9 -------- Run | Jun Mat Mat Damage Taken 997 | . 246 751 Core 181 | . 17 164 Absorbed by Shields . | . . . Core Remaining (%) 96 | 100 93 . Volleys Fired 94 | 12 53 29 Largest 2 | 2 2 2 Hottest 90 | 40 40 90 Shots Fired 155 | 24 96 35 Gun 152 | 24 93 35 Cannon . | . . . Launcher . | . . . Special 3 | . 3 . Kinetic 129 | 24 93 12 Thermal 3 | . 3 . Explosive . | . . . Electromagnetic 23 | . . 23 Robot Hit Streak 23 | 15 13 23 Robot Miss Streak 3 | 1 3 2 Penetration Max . | . . . Secondary Targets 1 | . 1 . Max Gunslinging Chain 1 | . 1 . Shots Hit Robots 137 | 21 75 41 Core Hits 58 | 8 35 15 Critical Kills . | . . . Critical Parts Destroyed 3 | 1 . 2 Critical Strikes 3 | 1 . 2 Destroy 1 | 1 . . Smash 2 | . . 2 Melee Attacks 15 | . 5 10 Impact 10 | . . 10 Slashing . | . . . Piercing . | . . . Sneak Attacks 6 | . 5 1 Combat Hostiles . | . . . Follow-up Attacks 1 | . . 1 Damage Inflicted 1540 | 170 604 766 Guns 1157 | 170 570 417 Cannons . | . . . Explosions 34 | . . 34 Melee 315 | . . 315 Ramming . | . . . Kinetic 835 | 170 570 95 Thermal 68 | . 34 34 Explosive . | . . . Electromagnetic 322 | . . 322 Impact 315 | . . 315 Slashing . | . . . Piercing . | . . . Highest Corruption . | . . . Average Corruption . | . . . Corruption Purged . | . . . Corruption Blocked . | . . . Overload Shots . | . . . Overflow Damage 103 | . . 103 Projectiles . | . . . Explosions . | . . . Melee 103 | . . 103 Knockbacks 1 | . . 1 Impact 1 | . . 1 Kinetic . | . . . Secondary . | . . . Self-Inflicted Damage . | . . . Shots . | . . . Rammed . | . . . Targets Rammed . | . . . Kicked . | . . . Crushed . | . . . Highest Temperature 267 | . 6 267 Average Temperature 109 | . 6 122 Received Heat Transfer 555 | . 24 531 Effects 3 | . . 3 Interference 3 | . . 3 Siege Activations . | . . . Robots Corrupted 1 | . . 1 Combat Hostiles 1 | . . 1 Parts Fried 7 | . . 7 Impact Corruptions 5 | . . 5 Robots Melted . | . . . Combat Hostiles . | . . . Parts Melted . | . . . Heat Transferred 161 | . 111 50 Parts Sabotaged . | . . . Parts Stolen . | . . . Parts Stripped . | . . . Power Chain Reactions 1 | . . 1 Missiles Intercepted . | . . . Alert | -11 -10 -9 ------- Run | Jun Mat Mat Peak Influence 245 | 20 245 81 Initial 16 | . 11 16 Average 47 | 7 65 32 Maximum Alert Level 1 | . 1 . Low Security (%) 95 | 100 90 100 Level 1 4 | . 9 . Level 2 . | . . . Level 3 . | . . . Level 4 . | . . . Level 5 . | . . . High Security . | . . . Max Security . | . . . Squads Dispatched 2 | . 1 1 Investigation 2 | . 1 1 Extermination . | . . . Reinforcement . | . . . Assault . | . . . Garrison . | . . . Intercept . | . . . Searches Triggered . | . . . Construction Impeded . | . . . Haulers Reinforced . | . . . Active Scanning Responses . | . . . Cargo Convoy Interrupts . | . . . Stealth | -11 -10 -9 --------- Run | Jun Mat Mat Distress Signals 1 | . 1 . Communications Jammed . | . . . Distress Signals . | . . . Times Spotted 26 | . 17 9 Peak Tracking Total 5 | . 5 5 Tactical Retreats . | . . . Traps | -11 -10 -9 ------- Run | Jun Mat Mat Traps Triggered 2 | . 1 1 Indirectly . | . . . Trap Hack Attempts 28 | . 28 . Triggered . | . . . Disarmed . | . . . Reprogrammed 1 | . 1 . Reused . | . . . Traps Extracted . | . . . Installed . | . . . Triggered . | . . . Machines | -11 -10 -9 ---------- Run | Jun Mat Mat Machines Disabled . | . . . Max in Single Turn . | . . . Machines Repaired . | . . . Machines Sabotaged . | . . . Overloaded Fab Kills . | . . . Hacking | -11 -10 -9 --------- Run | Jun Mat Mat Machines Accessed 7 | . 7 . Terminals 6 | . 6 . Fabricators . | . . . Repair Stations . | . . . Recycling Units 1 | . 1 . Scanalyzers . | . . . Garrison Access . | . . . Total Hacks 15 | . 15 . Successful 12 | . 12 . Failed 2 | . 2 . Catastrophic . | . . . Database Lockouts 1 | . 1 . Manual 7 | . 7 . Terminals 14 | . 14 . Fabricators . | . . . Repair Stations . | . . . Recycling Units 1 | . 1 . Scanalyzers . | . . . Garrison Access . | . . . Terminal Hacks 11 | . 11 . Record 1 | . 1 . Prototype ID Bank 4 | . 4 . Recycling Unit Index 1 | . 1 . Alert Level 1 | . 1 . Locate Traps 1 | . 1 . Zone Layout 3 | . 3 . Fabricator Hacks . | . . . Repair Station Hacks . | . . . Recycling Unit Hacks 1 | . 1 . Report Inventory 1 | . 1 . Scanalyzer . | . . . Garrison Access Hacks . | . . . Unauthorized Hacks . | . . . Terminals . | . . . Fabricators . | . . . Repair Stations . | . . . Recycling Units . | . . . Scanalyzers . | . . . Garrison Access . | . . . Data Cores Recovered . | . . . Used . | . . . Hacking Detections 5 | . 5 . Full Trace Events 1 | . 1 . Feedback Events . | . . . Feedback Blocked . | . . . Robot Schematics Acquired . | . . . Robots Built . | . . . Authchips . | . . . Time . | . . . Total Robot Build Rating . | . . . Part Schematics Acquired . | . . . Parts Built . | . . . Authchips . | . . . Time . | . . . Total Part Build Rating . | . . . Parts Repaired . | . . . Time . | . . . Parts Recycled . | . . . Recycled Matter . | . . . Retrieved Matter . | . . . Retrieved Components . | . . . Parts Scanalyzed . | . . . Part Schematics Acquired . | . . . Parts Damaged . | . . . Bothacking | -11 -10 -9 ------------ Run | Jun Mat Mat Used RIF Installer . | . . . Robots Hacked 3 | . 3 . Non-combat 3 | . 3 . Combat . | . . . Robot Hacks Applied 4 | . 4 . parse_system 2 | . 2 . no_distress 1 | . 1 . find_recycling 1 | . 1 . Relay Couplers Released . | . . . Fabnet Peak Effective % . | . . . Robots Rewired . | . . . Allies Hacked . | . . . Hacks Repelled . | . . . Allies | -11 -10 -9 -------- Run | Jun Mat Mat Total Allies . | . . . Largest Group . | . . . Highest-Rated Group . | . . . Highest-Rated Ally . | . . . Total Orders . | . . . Ally Attacks . | . . . Total Damage . | . . . Kills . | . . . Allies Corrupted . | . . . Allies Melted . | . . . Intel | -11 -10 -9 ------- Run | Jun Mat Mat Robot Analysis Total . | . . . Derelict Logs Recovered . | . . . Drone Launches . | . . . Drone Recoveries . | . . . Exploration | -11 -10 -9 ------------- Run | Jun Mat Mat Turns Passed 2953 | 178 1474 1301 Spaces Moved 1281 | 91 794 396 Core 154 | 18 . 136 Treads 972 | 73 794 105 Legs 155 | . . 155 Wheels . | . . . Hover . | . . . Flight . | . . . Fastest Speed 50 | 50 160 160 Average Speed 202 | 139 160 300 Slowest Speed 600 | 160 160 600 Overloaded Moves . | . . . Propulsion Burnouts . | . . . Robots Hopped . | . . . Cave-ins Triggered . | . . . Exploration Rate (%) 33 | 4 78 18 Regions Visited 2 Branch Regions . Pre-discovered Areas . | . . . Known Exits Taken 1 | . 1 . Unknown Exits Taken 1 | 1 . . Scrap Searched . | . . . Spaces Dug . | . . . Terrain Destroyed 2 | . . 2 Melee . | . . . Projectile . | . . . AOE 2 | . . 2 Terrain Rammed . | . . . Walls Destroyed . | . . . Machines Disabled . | . . . Actions | -11 -10 -9 --------- Run | Jun Mat Mat Total 1495 | 124 914 457 Wait 6 | 5 1 . Move 1279 | 90 793 396 Hop . | . . . Pick Up 37 | 9 20 8 Fast Attach 2 | . . 2 Attach 15 | 6 4 5 Detach 1 | . 1 . Swap 11 | . 6 5 Drop 8 | 2 3 3 Fire 94 | 12 53 29 Melee 14 | . 5 9 Ram . | . . . Kick . | . . . Crush . | . . . Escape Stasis . | . . . Rewire . | . . . Trap 28 | . 28 . Miscellaneous . | . . . Route ------- -11/Junkyard -10/Materials (discovered 3 exits: *Mat x2 / *Min) -9/Materials (discovered 1 exit: *Sto) History --------- Turn | Location | Event 31 | -11/Junkyard | Discovered new exit (range 15) 179 | -11/Junkyard | Entered Materials 280 | -10/Materials | Discovered new exit (range 15) 307 | -10/Materials | Build established: Mutant 318 | -10/Materials | Identified exit to Mines 1377 | -10/Materials | Discovered new exit (range 4) 1382 | -10/Materials | Identified exit to Materials 1569 | -10/Materials | Discovered exit to Materials (range 13) 1580 | -10/Materials | Central database locked down 1653 | -10/Materials | Entered another Materials area 1653 | -9/Materials | Evolved 2 slots: Propulsion x1, Utility x1 1653 | -9/Materials | Discovered new exit (range 14) 1674 | -9/Materials | Identified exit to Storage 1883 | -9/Materials | Lost 3 parts (2n1w) 2954 | -9/Materials | Self-destructed Last Messages --------------- Acquired 21 matter. T-07 Excavator is excavating. K-01 Serf collects debris. Acquired Adv. Beam Cannon. T-07 Excavator is excavating. Acquired Faulty Imp. Assault Rifle. K-01 Serf collects debris. Acquired Imp. Assault Rifle. T-07 Excavator is excavating. K-01 Serf collects debris. T-07 Excavator is excavating. R-06 Scavenger collects Ion Engine. R-06 Scavenger collects Faulty Hvy. Ion Engine. R-06 Scavenger collects Corrupted Med. Storage Unit. R-06 Scavenger collects Lgt. Treads. R-06 Scavenger collects Terrain Scanner. R-06 Scavenger collects Corrupted Structural Scanner. A-02 Transporter destroyed. K-01 Serf cleans the Matter Filter. Connecting with Terminal... Map ----- +----------------------------------------------------+ | ?????????????????????????????????????????????????? | | ?????????????????????????????????????????????????? | | ?????????????????????????????????????????????????? | | ?????????????????????????????????????????????????? | | ?????????????????????????????????????????????????? | | ?????????????????????????????????????????????????? | | ?????????????????????????????????????????????????? | | ?????????????????????????????????????????????????? | | ?????????????????????????????????????????????????? | | ?????????????????????????????????????????????????? | | ?????????????????????????????????????????????????? | | ?????????????????????????????????????????????????? | | ??????????????##########?????????????????????????? | | ??????????????# #????###########??????????? | | ??????????????# #????# #??????????? | | ??????????????# #????# """ """ #??????????? | | ??????????????# ###### """ """ #??????????? | | ??????????????# ## # """ """ #??????????? | | ??????????????# + a #??????????? | | ??????????????# ## # #??????????? | | ??????????????# ## # ! ############ | | ??????????????# ## # [% + # | | ????????##########+###### #####+##### # | | ????????# #####%##### # """ | | ????????# % + "R | | ????????+ T@ ######## # """ | | ????????# % #??????# # | | ????????# ## ##; ###### ##??????# ###### | | ????????# # ## """ #????# #???????# #????? | | ????????#?# ## """ #????# #???????# #????? | | ??????????# ## %""" #????# #???????# #????? | | ??????????# ## ######+####????# #????? | | ??????????# ## # #????# ###### | | ??????????####?# # #????# # | | ???????????????# # """"""" #????# # | | ???????????????# = # """"""" #????# #[ | | ???????????????# =[! + """"""" #????# +% "" | | ???????????????# =[ %%# """"""" #????# # S"" | | ???????????????#########% # """"""" #????# # "" | | ???????????????????????# # ??#????# ###### | | ???????????????????????# ########???????# #????? | | ???????????????????????# #??????????????# #????? | | ???????????????????????# #??????######### #????? | | ???????????????????????# #??????# ## #????? | | ???????????????????????# #??????# ## #????? | | ???????????????????????# #??????# """ ## #????? | | ???????????????????????# #??????# """ ##+###### | | ???????????????????????# #??????# """ ## # | | ??????????????????????## ##?????# ## """ # | | ??????????????????????# ##########+#### """ # | +----------------------------------------------------+ Best States ------------- Heat Dissipation 28 Energy Generation 10 Energy Capacity 250 Matter Stores 300 Matter Capacity 300 Sight Range 16 Terrain Scan Density 10 Armor Coverage 150 Resistance: KI 20 Resistance: TH 20 Resistance: EX 20 Resistance: EM 20 Resistance: I 20 Resistance: S 20 Resistance: P 20 Evasion (%) 50 Recoil Reduction 2 Offensive Hacking 10 Item Schematics ----------------- None Robot Schematics ------------------ None Fabricated ------------ Nothing Alien Tech Used ----------------- None Achievements -------------- None Challenges ------------ None Game ------ Seed SpliceLinkedLauncher Manual? 0 Play Time 00:24:20 Cumulative 11.1 hours Start 2023.03.21 @ 22:31:39 End 2023.03.25 @ 16:06:41 Sessions 5 Manual Loads 0 Difficulty Adventurer Special Mode None Game No. 19 Rogue 0 Adventurer 19 Explorer 0 Win Type - Total 0 Types 0/0/0/0/0/0/0/0/0 Lore% 15 Gallery% 12 Achievement% 15 Wizard Run 0 Options --------- ASCII 0 Keyboard 0 Movement Arrows Keybinds 0 Fullscreen 1 Font 18/SmallcapsGlow Map View 76x50 Tactical HUD 0 Map Filters NONE Filters NONE Steam 1 RUN: ba733596-7bca-416b-af3c-e124ccdc0096